AoeStats
← Rommel

Arabia

504554500Analyzed
2v2 RM · 27d ago on Sep 5, 2026· 76m 39s· 4 players
Game mode
Random Map
Map size
Medium (4 player)
Population
200
Speed
Normal
Resources
Standard
Victory
Conquest
Starting age
Dark Age
Ending age
Imperial Age
RankedLock teamsTeams togetherTeam positionsShared explorationLock speedFull tech treeHidden civsTurbo modeCheats
Victory
Defeat
🇫🇷 Bulgarians · France
1232
+15
🇫🇷 Britons · France
1213
+15
🇨🇱 Britons · Chile
1212
-15
🇨🇱 Magyars · Chile
1195
-15
Tiburón Boliviano
6:08 Loom
9:23 Feudal Age
10:38 Horse Collar
21:36 Castle Age
20:32 Double-Bit Axe
22:03 Fletching
22:44 Bodkin Arrow
27:45 Husbandry
34:52 Scale Barding Armor
36:29 Chain Barding Armor
37:10 Bloodlines
41:57 Imperial Age
40:42 Gold Mining
42:05 Wheelbarrow
41:45 Light Cavalry
42:36 Corvinian Army
43:12 Heavy Plow
44:33 Bracer
45:22 Recurve Bow
47:05 Chemistry
47:12 Hand Cart
47:15 Heavy Cavalry Archer
50:30 Town Watch
52:18 Ballistics
56:08 Parthian Tactics
Rommel
6:27 Loom
9:25 Feudal Age
9:53 Double-Bit Axe
14:07 Fletching
17:43 Padded Archer Armor
20:07 Wheelbarrow
25:10 Castle Age
23:15 Horse Collar
24:47 Gold Mining
25:12 Crossbowman
25:48 Bodkin Arrow
26:09 Leather Archer Armor
29:08 Town Watch
30:19 Bow Saw
34:29 Ballistics
34:54 Elite Skirmisher
37:35 Heavy Plow
38:57 Stone Mining
43:58 Imperial Age
41:46 Squires
41:31 Arson
42:12 Treadmill Crane
42:42 Masonry
45:00 Bracer
46:06 Chemistry
44:38 Arbalester
45:29 Siege Engineers
47:34 Architecture
48:02 Ring Archer Armor
47:54 Conscription
48:10 Hoardings
48:30 Fervor
49:19 Pikeman
50:01 Scale Mail Armor
50:12 Forging
50:35 Halberdier
53:40 Chain Mail Armor
55:17 Plate Mail Armor
55:22 Iron Casting
60:34 Yeomen
69:14 Hand Cart
70:13 Onager
joueur1andre
9:35 Feudal Age
8:03 Loom
11:43 Double-Bit Axe
12:10 Horse Collar
16:11 Scale Mail Armor
16:24 Forging
18:17 Town Watch
19:10 Arson
20:07 Wheelbarrow
23:23 Castle Age
24:17 Bow Saw
24:02 Gambesons
24:18 Squires
24:35 Chain Mail Armor
25:02 Fletching
25:40 Heavy Plow
28:53 Hand Cart
30:42 Bodkin Arrow
32:31 Murder Holes
32:58 Ballistics
33:39 Gold Mining
33:40 Stone Mining
33:34 Pikeman
39:16 Imperial Age
38:09 Gold Shaft Mining
38:18 Stone Shaft Mining
39:37 Iron Casting
40:48 Plate Mail Armor
41:19 Blast Furnace
39:42 Capped Ram
40:55 Crop Rotation
40:39 Siege Engineers
41:00 Town Patrol
40:55 Siege Ram
44:35 Halberdier
45:34 Masonry
45:27 Bracer
46:37 Conscription
47:16 Bagains
61:50 Coinage
63:23 Banking
wouanou
9:38 Feudal Age
10:27 Double-Bit Axe
15:46 Fletching
15:57 Padded Archer Armor
17:47 Loom
24:22 Castle Age
22:46 Horse Collar
22:59 Gold Mining
24:26 Crossbowman
25:26 Bodkin Arrow
27:04 Leather Archer Armor
29:08 Wheelbarrow
28:19 Town Watch
36:59 Ballistics
38:20 Hand Cart
39:28 Gold Shaft Mining
38:44 Stone Mining
39:08 Bow Saw
39:43 Heavy Plow
39:48 Light Cavalry
40:29 Husbandry
45:59 Imperial Age
45:16 Scale Barding Armor
45:22 Forging
46:08 Arbalester
46:10 Elite Skirmisher
46:54 Bracer
48:39 Ring Archer Armor
49:10 Chemistry
52:58 Onager
58:55 Siege Engineers
59:37 Chain Barding Armor
66:47 Plate Barding Armor
66:48 Iron Casting
69:04 Blast Furnace
69:27 Capped Ram
Connection lost

Rejoining the realm…

Still unreachable

The connection could not be restored.

Session expired

The server has moved on; the page needs a fresh start.